 Dungeon Crawl Stone Soup version 0.24.0-125-gc4c63601f3 (webtiles) character file.

Game seed: 13812796366749020930, levelgen mode: deterministic

66614 H0rd4k the Slicer (level 15, -5/110 HPs)
             Began as a Human Artificer on Mar 18, 2020.
             Was an Initiate of Gozag.
             Slain by a +3 war axe of electrocution (26 damage)
             ... on level 1 of the Elven Halls on Mar 20, 2020.
             The game lasted 02:14:41 (30909 turns).

H0rd4k the Slicer (Human Artificer)                Turns: 30909, Time: 02:14:42

Health: -5/110     AC: 16    Str: 15    XL:     15   Next: 62%
Magic:  22/28      EV: 18    Int: 13    God:    Gozag
Gold:   2697       SH:  0    Dex: 15    Spells: 16/33 levels left

rFire    . . .     SeeInvis +   c - +8 whip "Snakebite" {curare, rPois}
rCold    . . .     Gourm    .   (no shield)
rNeg     + . .     Faith    .   B - +1 leather armour of Weyfithu {rPois Regen+ rCorr SInv}
rPois    +         Spirit   .   (no helmet)
rElec    .         Reflect  .   b - +2 ratskin cloak {+Rats rPois rN+ Str-1 Int-1 Dex+1}
rCorr    +         Harm     .   r - +1 pair of gloves
MR       +....                  U - +2 pair of boots of the Assassin {Detection Stab+ Stlth++}
Stlth    ++++++....             N - amulet of the acrobat
HPRegen  0.68/turn              G - ring of poison resistance
MPRegen  0.21/turn              L - +4 ring of protection

@: very slightly contaminated
A: no striking features
a: Potion Petition, Call Merchant, Bribe Branch, Renounce Religion, Evoke
Ratskin


You were on level 1 of the Elven Halls.
You worshipped Gozag.
Gozag was most pleased with you.
You were hungry.

You visited 7 branches of the dungeon, and saw 23 of its levels.

You collected 6942 gold pieces.
You spent 2724 gold pieces at shops.
You paid 1521 gold pieces to Gozag.

Inventory:

Hand Weapons
 c - the +8 whip "Snakebite" (weapon) {curare, rPois}
   (You found it on level 5 of the Lair of Beasts)

   It poisons the flesh of those it strikes.
   It protects you from poison.
 s - a +3 short sword of venom
 A - the +3 quarterstaff "Utuscheti" {crush, Str+4 Stlth+, unknown}
   (You found it on level 11 of the Dungeon)

   It inflicts extra damage upon your enemies.
   It affects your strength (+4).
   It makes you more stealthy.
 D - a +1 shortbow of flaming
 Z - a +0 hand crossbow
Missiles
 w - 5 atropa-tipped darts
 E - 40 arrows
 H - 6 boomerangs of dispersal
 Q - 96 poisoned darts (quivered)
 S - 3 curare-tipped darts
Armour
 b - the +2 ratskin cloak (worn) {+Rats rPois rN+ Str-1 Int-1 Dex+1}
   (You found it on level 6 of the Dungeon)

   It affects your strength (-1).
   It affects your intelligence (-1).
   It affects your dexterity (+1).
   It protects you from poison.
   It protects you from negative energy.
 r - a +1 pair of gloves (worn)
 x - the +2 robe of Nixumaar {+Inv +Fly Int-2 Dex+3}
   (You found it on level 4 of the Dungeon)

   It affects your intelligence (-2).
   It affects your dexterity (+3).
   It lets you turn invisible.
   It lets you fly.
 B - the +1 leather armour of Weyfithu (worn) {rPois Regen+ rCorr SInv}
   (You bought it in a shop on level 10 of the Dungeon)

   It protects you from poison.
   It lets you see invisible.
   It increases your rate of regeneration.
   It provides partial protection from all sources of acid and corrosion.
 P - a scarf of repulsion
 U - the +2 pair of boots of the Assassin (worn) {Detection Stab+ Stlth++}
   (You bought it in a shop on level 10 of the Dungeon)

   It makes you much more stealthy.
Magical Staves
 W - an uncursed staff of energy
 Y - an uncursed staff of death {unknown}
Jewellery
 u - an uncursed amulet of magic regeneration
 F - an uncursed ring of positive energy
 G - a ring of poison resistance (left hand)
 L - a +4 ring of protection (right hand)
 N - an amulet of the acrobat (around neck)
Wands
 a - a wand of paralysis (5)
 K - a wand of digging (19)
 R - a wand of polymorph (8)
 X - a wand of enslavement (5)
Scrolls
 d - 3 scrolls of brand weapon
 e - 4 scrolls of enchant armour
 h - 3 scrolls of magic mapping
 i - 10 scrolls of remove curse
 l - 2 scrolls of blinking
 m - 3 scrolls of amnesia
 o - a scroll of teleportation
 t - a scroll of fear {unknown}
 v - 2 scrolls of identify
 y - a scroll of silence {unknown}
 z - a scroll of summoning {unknown}
 T - a scroll of fog {unknown}
Potions
 j - a potion of flight
 k - a potion of magic
 p - a potion of berserk rage
 q - 5 potions of curing
 J - 2 potions of cancellation
 M - 4 potions of brilliance
 O - 3 potions of agility
 V - 2 potions of haste
Miscellaneous
 g - a lamp of fire
 n - a crystal ball of energy
 I - a box of beasts
Comestibles
 f - 32 rations


   Skills:
 + Level 8.0 Fighting
 + Level 11.4 Short Blades
 * Level 6.8 Maces & Flails
 * Level 2.7 Crossbows
 + Level 2.7 Throwing
 - Level 2.5 Armour
 + Level 10.1 Dodging
 + Level 8.7 Stealth
 + Level 4.4 Unarmed Combat
 + Level 9.7 Spellcasting
 + Level 0.1 Hexes
 + Level 2.4 Charms
 + Level 6.3 Summonings
 + Level 2.1 Necromancy
 + Level 8.3 Transmutations
 + Level 2.1 Ice Magic
 + Level 4.4 Air Magic
 + Level 5.2 Evocations


You had 16 spell levels left.
You knew the following spells:

 Your Spells              Type           Power        Failure   Level  Hunger
a - Beastly Appendage     Tmut           ####..       1%          1    None
b - Summon Guardian Gole  Hex/Summ       ##......     12%         3    ##.....
c - Sticks to Snakes      Tmut           ####....     1%          2    None
d - Animate Skeleton      Necr           N/A          6%          1    None
e - Ozocubu's Armour      Chrm/Ice       ##......     17%         3    ##.....
f - Summon Lightning Spi  Summ/Air       ###.....     16%         4    ####...
g - Ignite Poison         Fire/Tmut/Pois ##......     14%         3    ##.....

Your spell library contained the following spells:

 Spells                   Type           Power        Failure   Level  Hunger
 Summon Butterflies       Summ           ###.....     1%          1    None
 Summon Small Mammal      Summ           ###.         1%          1    None
 Call Imp                 Summ           ###.....     1%          2    None
 Passwall                 Tmut/Erth      ###.....     3%          2    None
 Call Canine Familiar     Summ           ###.....     3%          3    ##.....
 Freeze                   Ice            ##..         6%          1    None
 Spider Form              Tmut/Pois      ###.......   8%          3    ##.....
 Blade Hands              Tmut           ####......   13%         5    #####..
 Apportation              Tloc           #.....       14%         1    None
 Confusing Touch          Hex            #.....       14%         1    None
 Corona                   Hex            #......      14%         1    None
 Flame Tongue             Conj/Fire      #....        14%         1    None
 Ensorcelled Hibernation  Hex/Ice        #.....       14%         2    None
 Throw Frost              Conj/Ice       #.....       14%         2    None
 Ice Form                 Ice/Tmut       ###.....     16%         4    ####...
 Throw Flame              Conj/Fire      #.....       22%         2    None
 Summon Ice Beast         Ice/Summ       ###.....     24%         4    ####...
 Confuse                  Hex            #.......     38%         3    ##.....
 Dazzling Spray           Conj/Hex       #.....       38%         3    ##.....
 Lesser Beckoning         Tloc           #.........   38%         3    ##.....
 Tukima's Dance           Hex            #.......     38%         3    ##.....
 Alistair's Intoxication  Tmut/Pois      ###.....     56%         5    #####..
 Irradiate                Conj/Tmut      ###.......   56%         5    #####..
 Hydra Form               Tmut           ####......   56%         6    #######
 Throw Icicle             Conj/Ice       #.......     65%         4    ####...
 Summon Mana Viper        Hex/Summ       ##......     71%         5    #####..
 Sticky Flame             Conj/Fire      #.......     80%         4    ####...
 Statue Form              Tmut/Erth      ###......    98%         6    #######
 Dragon Form              Tmut           ####......   98%         7    #######
 Invisibility             Hex            #.......     100%        6    #######
 Summon Hydra             Summ           ###.......   100%        7    #######


Dungeon Overview and Level Annotations

Branches:
Dungeon (11/15)            Temple (1/1) D:4            Lair (6/6) D:10
  Swamp (1/4) Lair:4       Spider (1/4) Lair:4        Slime (0/5) Lair:5
    Orc (2/2) D:11            Elf (1/3) Orc:2

Altars:
Ashenzari
Cheibriados
Dithmenos
Elyvilon
Fedhas
Gozag
Hepliaklqana
Kikubaaqudgha
Makhleb
Nemelex Xobeh
Okawaru
Qazlal
Ru
Sif Muna
Trog
Uskayaw
Vehumet
Wu Jian
Xom
Yredelemnul
Zin
The Shining One
Beogh
Jiyva

Shops:
D:7 }   D:10 (%**[   D:11 %   Orc:2 ?*([

Annotations:
D:11 exclusions: 3 fire giants, rakshasa and upstairs
Lair:4 exclusion: 2 downstairs
Lair:5 exclusion: downstairs, Luam's ghost, journeyman OpFi
Orc:2 exclusion: upstairs


Message History

The +3 war axe of electrocution misses you.
You hit the +3 war axe of electrocution.
The +3 war axe of electrocution is severely damaged.
You hit the +3 war axe of electrocution but do no damage.
The +3 war axe of electrocution is severely damaged.
The +3 war axe of electrocution hits you!!
* * * LOW HITPOINT WARNING * * *
Unknown command.
You hit the +3 war axe of electrocution.
The +3 war axe of electrocution is severely damaged.
The +3 war axe of electrocution hits you!
* * * LOW HITPOINT WARNING * * *
You closely miss the +3 war axe of electrocution.
The +3 war axe of electrocution is severely damaged.
The +3 war axe of electrocution completely misses you.
You hit the +3 war axe of electrocution.
The +3 war axe of electrocution is severely damaged.
The +3 war axe of electrocution hits you!!
You die...
Your body crumbles into a pile of gold.

#...# #...# ...#
#...###...###...#...
##.............##(..
##...........##....
##.........##.....
.####...####......
{?...##'##8........
...................
$
.........@(..$.....
############+######
$


You could see a +3 war axe of electrocution and a friendly lightning spire.

Vanquished Creatures
  An orc warlord (Orc:2)
  A yaktaur captain (D:11)
  Harold (D:7)
  4 hydras
  3 two-headed ogres (Orc:2)
  2 orc high priests (Orc:2)
  A deep troll earth mage (D:11)
  Urug (D:11)
  Nergalle (Orc:1)
  Sonja (D:11)
  A fire crab (Lair:6)
  A deep troll (D:11)
  A necromancer (Lair:5)
  3 oklob plants (Lair:5)
  2 orb spiders
  5 orc knights
  2 ugly things
  5 orc sorcerers (Orc:2)
  4 wolf spiders (Spider:1)
  5 deep elf magi
  2 manticores (D:11)
  A cyclops (D:11)
  3 elephants (Lair:5)
  Psyche (D:10)
  2 black mambas
  A gargoyle (D:11)
  4 komodo dragons
  A rime drake (Lair:5)
  A torpor snail (Spider:1)
  10 spiny frogs
  An efreet (D:11)
  2 demonic crawlers
  3 jumping spiders (Spider:1)
  8 polar bears (Lair:6)
  8 trolls
  2 tyrant leeches (Lair:4)
  5 hornets
  2 dream sheep (D:10)
  5 blink frogs (Lair:4)
  5 hippogriffs
  A raiju (Lair:6)
  5 redbacks
  Sigmund (D:6)
  4 tarantellas
  An air elemental (Orc:2)
  30 yaks
  2 wyverns
  4 basilisks
  A hungry ghost (D:9)
  Grum (D:8)
  Edmund (D:6)
  5 swamp worms
  11 wargs
  14 hell hounds (Lair:6)
  6 porcupines
  12 water moccasins
  11 black bears
  4 sky beasts
  37 orc warriors
  2 phantoms
  3 ice beasts
  2 necrophages
  29 wolves
  7 ogres
  5 centaurs
  17 crocodiles
  3 big kobolds (D:10)
  A gnoll sergeant (D:4)
  21 bullfrogs
  5 scorpions
  5 killer bees
  A howler monkey (D:4)
  2 crimson imps
  2 bullfrog zombies
  2 centaur zombies
  2 gnoll shamans
  25 orc wizards
  7 hounds
  4 jellies
  29 orc priests
  Crazy Yiuf (D:7)
  A bullfrog skeleton (D:10)
  2 iguanas
  10 worker ants
  A hell rat (D:6)
  2 yak simulacra (Lair:5)
  A polar bear simulacrum (Lair:5)
  2 wolf simulacra (Lair:5)
  A killer bee zombie (D:7)
  A hound skeleton (D:6)
  A howler monkey zombie (D:9)
  2 howler monkey skeletons
  8 adders
  19 gnolls
  6 river rats (D:6)
  5 shadow imps
  An adder zombie (D:6)
  An adder skeleton (D:9)
  A worm (D:4)
  2 dart slugs (D:2)
  7 leopard geckos
  102 orcs
  A ball python (D:3)
  5 giant cockroaches
  18 goblins
  5 hobgoblins
  22 jackals
  7 quokkas
  13 bats
  7 frilled lizards
  5 kobolds
  2 leopard gecko skeletons
  A quokka skeleton (D:6)
  20 rats
  4 river rat simulacra (Lair:5)
  A spectral orc (D:3)
  A fungus (Lair:5)
726 creatures vanquished.

Vanquished Creatures (collateral kills)
  A hydra (Lair:6)
  2 orc high priests (Orc:2)
  A moth of wrath (Spider:1)
  A spiny frog (Lair:6)
  A meliai (Lair:5)
  2 polar bears
  A jumping spider (Spider:1)
  4 orc warriors (Orc:2)
  2 black bears (Lair:6)
  A killer bee (Lair:5)
  2 orc priests (Orc:2)
  An orc wizard (Orc:2)
  2 wolf simulacra (Lair:5)
  A gnoll (D:5)
  13 orcs (Orc:2)
  A plant (Lair:6)
36 creatures vanquished.

Vanquished Creatures (others)
  A tyrant leech (Lair:4)
  A warg (D:11)
  A black bear (Lair:6)
  A centaur (D:7)
  An adder (D:4)
  2 orcs
  8 fungi
  19 plants
34 creatures vanquished.

Grand Total: 796 creatures vanquished

Notes
Turn   | Place    | Note
-------+----------+-------------------------------------------
     0 | D:1      | H0rd4k the Human Artificer began the quest for the Orb.
     0 | D:1      | Reached XP level 1. HP: 15/15 MP: 3/3
   280 | D:1      | Reached XP level 2. HP: 21/21 MP: 4/4
   637 | D:1      | Reached XP level 3. HP: 11/26 MP: 5/5
  1239 | D:2      | Found an iron altar of Okawaru.
  2016 | D:3      | Reached skill level 1 in Armour
  2016 | D:3      | Reached XP level 4. HP: 27/32 MP: 6/6
  2407 | D:3      | Reached XP level 5. HP: 37/37 MP: 7/7
  2485 | D:3      | Reached skill level 2 in Short Blades
  3055 | D:3      | Found a basalt altar of Yredelemnul.
  3243 | D:4      | Reached XP level 6. HP: 41/44 MP: 8/8
  3281 | D:4      | Found a faded altar of an unknown god.
  3281 | D:4      | Found a blossoming altar of Fedhas.
  3288 | D:4      | Reached skill level 3 in Short Blades
  3296 | D:4      | Found a bloodstained altar of Trog.
  3298 | D:4      | Found a shattered altar of Ashenzari.
  3300 | D:4      | Found a faded altar of an unknown god.
  3338 | D:4      | Found a staircase to the Ecumenical Temple.
  3350 | D:4      | Got a transparent robe
  3361 | D:4      | Identified the +2 robe of Nixumaar {+Inv +Fly Int-2 Dex+3}
                  | (You found it on level 4 of the Dungeon)
  3447 | D:4      | Reached XP level 7. HP: 35/50 MP: 9/9
  3668 | D:4      | Reached skill level 4 in Short Blades
  3767 | D:5      | Entered Level 5 of the Dungeon
  3767 | D:5      | Noticed a hippogriff
  4256 | D:5      | Reached XP level 8. HP: 50/57 MP: 10/10
  4496 | D:5      | Reached skill level 5 in Short Blades
  4707 | D:5      | Reached skill level 1 in Spellcasting
  5126 | D:4      | Reached skill level 5 in Dodging
  5350 | D:5      | Killed a hippogriff
  5350 | D:5      | Reached XP level 9. HP: 53/64 MP: 10/12
  5468 | Temple   | Entered the Ecumenical Temple
  5561 | Temple   | Became a worshipper of Gozag Ym Sagoz the Greedy
  5701 | D:6      | Reached skill level 6 in Short Blades
  5739 | D:6      | Noticed Edmund
  5952 | D:6      | Noticed Sigmund
  5954 | D:6      | Killed Sigmund
  6159 | D:6      | Found a burning altar of Makhleb.
  6171 | D:6      | Killed Edmund
  6171 | D:6      | Reached skill level 5 in Stealth
  6443 | D:6      | Found the +2 ratskin cloak {+Rats rPois rN+ Str-1 Int-1
                  | Dex+1}
  7002 | D:6      | Found a snail-covered altar of Cheibriados.
  7375 | D:7      | Reached skill level 7 in Short Blades
  7376 | D:7      | Found Upour's Gadget Emporium.
  7466 | D:7      | Reached XP level 10. HP: 57/71 MP: 15/15
  7554 | D:7      | Found a runed translucent door.
  7555 | D:7      | Noticed Crazy Yiuf
  7694 | D:7      | Noticed Harold
  7725 | D:7      | Killed Harold
  7861 | D:7      | Found a hide-covered altar of Uskayaw.
  8003 | D:7      | Learned a level 1 spell: Beastly Appendage
  8007 | D:7      | Learned a level 3 spell: Summon Guardian Golem
  8229 | D:8      | Reached skill level 1 in Summonings
  8310 | D:8      | Reached skill level 8 in Short Blades
  8323 | D:8      | Found a shimmering altar of Xom.
  8504 | D:8      | Reached skill level 5 in Fighting
  8526 | D:8      | Noticed a red ugly thing
  8607 | D:8      | Noticed Grum
  8643 | D:7      | Reached skill level 1 in Transmutations
  8844 | D:8      | Killed Grum
  9394 | D:9      | Reached skill level 1 in Throwing
  9394 | D:9      | Reached skill level 5 in Spellcasting
  9418 | D:9      | You fall into a shaft and drop 2 floors!
  9419 | D:11     | Noticed a cyclops
  9430 | D:10     | Entered Level 10 of the Dungeon
  9668 | D:10     | Found Paer's Antique Weapon Shop.
  9752 | D:11     | Noticed Psyche
  9785 | D:11     | Found a staircase to the Orcish Mines.
  9788 | D:11     | Noticed Sonja
  9945 | D:11     | Noticed a gargoyle
 10052 | D:10     | Reached XP level 11. HP: 56/79 MP: 16/18
 10072 | D:10     | Reached skill level 1 in Unarmed Combat
 10603 | D:9      | Found a shimmering blue altar of Sif Muna.
 10665 | D:9      | Found an ornate altar of the Wu Jian Council.
 10784 | D:9      | Found a glowing silver altar of Zin.
 10784 | D:9      | Noticed an angel
 11400 | D:7      | Killed Crazy Yiuf
 11755 | D:10     | Found a bloodstained altar of Trog.
 11868 | D:10     | Reached skill level 9 in Short Blades
 11935 | D:10     | Noticed a three-headed hydra
 11988 | D:10     | Killed a three-headed hydra
 12089 | D:10     | Found a staircase to the Lair.
 12761 | D:10     | Found Ihey's Food Emporium.
 12835 | D:10     | Found Uhock's Antique Armour Shoppe.
 12879 | D:10     | Bought a bloodstained leather armour for 182 gold pieces
 12889 | D:10     | Identified the +1 leather armour of Weyfithu {rPois Regen+
                  | rCorr SInv} (You bought it in a shop on level 10 of the
                  | Dungeon)
 13033 | D:11     | Killed Sonja
 13033 | D:11     | Reached XP level 12. HP: 86/86 MP: 20/20
 13237 | D:11     | Noticed Urug
 13370 | D:10     | Learned a level 2 spell: Sticks to Snakes
 13393 | D:10     | Killed Psyche
 13481 | D:11     | Killed Urug
 13708 | D:11     | Found Ippukk's Food Boutique.
 13917 | Lair:1   | Entered Level 1 of the Lair of Beasts
 13960 | Lair:1   | Learned a level 1 spell: Animate Skeleton
 13976 | Lair:1   | Reached skill level 5 in Evocations
 14228 | Lair:1   | Reached skill level 5 in Transmutations
 14487 | Lair:1   | Noticed a four-headed hydra
 14506 | Lair:1   | Killed a four-headed hydra
 14506 | Lair:1   | Reached skill level 5 in Summonings
 15097 | Lair:2   | Reached skill level 10 in Short Blades
 15116 | Lair:2   | Noticed an eight-headed hydra
 15998 | Lair:3   | Reached XP level 13. HP: 85/93 MP: 23/23
 16322 | Lair:3   | You fall into a shaft and drop 1 floor!
 16979 | Lair:4   | Found a shimmering altar of Xom.
 17226 | Lair:4   | Found a hole to the Spider Nest.
 17724 | Lair:4   | Found a staircase to the Swamp.
 19217 | Lair:5   | Found the +8 whip "Snakebite" {curare, rPois}
 19340 | Lair:5   | Noticed a four-headed hydra
 19413 | Lair:5   | Found a viscous altar of Jiyva.
 19414 | Lair:5   | Found a staircase to the Slime Pits.
 19439 | Lair:5   | Killed a four-headed hydra
 19439 | Lair:5   | Reached skill level 11 in Short Blades
 19504 | Lair:5   | Found a transporter.
 19508 | Lair:5   | Found a transporter.
 19682 | Lair:5   | Noticed Luam's ghost (journeyman OpFi)
 19791 | Lair:6   | Entered Level 6 of the Lair of Beasts
 19841 | Lair:6   | Noticed an eight-headed hydra
 20079 | Lair:5   | Learned a level 3 spell: Ozocubu's Armour
 20282 | Lair:6   | Found a glowing silver altar of Zin.
 20471 | Lair:6   | Reached skill level 1 in Ice Magic
 20627 | Lair:6   | Reached skill level 1 in Charms
 20677 | Lair:6   | Noticed a five-headed hydra
 20737 | Lair:6   | Reached XP level 14. HP: 88/103 MP: 24/26
 21517 | Lair:6   | Reached skill level 1 in Necromancy
 22656 | D:10     | Bought the +2 pair of boots of the Assassin {Detection
                  | Stab+ Stlth++} for 1680 gold pieces
 22656 | D:10     | Found the +2 pair of boots of the Assassin {Detection Stab+
                  | Stlth++}
 22656 | D:10     | Bought a leatherbound book for 420 gold pieces
 22680 | D:10     | Learned a level 4 spell: Summon Lightning Spire
 23241 | Orc:1    | Entered Level 1 of the Orcish Mines
 23329 | D:11     | Reached skill level 1 in Air Magic
 23500 | Orc:2    | Entered Level 2 of the Orcish Mines
 23561 | Orc:2    | Reached skill level 1 in Maces & Flails
 24224 | Orc:2    | Found a roughly hewn altar of Beogh.
 24729 | Orc:2    | Found a staircase to the Elven Halls.
 24912 | Orc:2    | Found Xuptan's General Store.
 25424 | Orc:2    | Reached skill level 5 in Maces & Flails
 25574 | Orc:2    | Noticed an orc warlord
 25575 | Orc:2    | Found a roughly hewn altar of Beogh.
 25607 | Orc:2    | Killed an orc warlord
 25738 | Orc:2    | Reached XP level 15. HP: 110/110 MP: 16/28
 25799 | Orc:2    | Found Cir Hask's Magic Scroll Shop.
 25949 | Orc:2    | Bought a scroll of blinking for 90 gold pieces
 25949 | Orc:2    | Bought a scroll of brand weapon for 240 gold pieces
 26094 | Orc:2    | Found Yhaypp's Armour Boutique.
 26261 | Orc:2    | Found Qoipoth's Antique Weapon Shop.
 26579 | Orc:1    | Noticed Nergalle
 26828 | Orc:1    | Killed Nergalle
 27316 | D:11     | Got a warped quarterstaff
 27538 | D:11     | Identified the Incunabulum of Unstable Fire
 27544 | D:11     | Learned a level 3 spell: Ignite Poison
 27564 | D:11     | Noticed a fire giant
 27600 | D:11     | Noticed a fire giant
 29388 | Spider:1 | Entered Level 1 of the Spider Nest
 29411 | Spider:1 | Reached skill level 1 in Crossbows
 29617 | Spider:1 | Noticed an emperor scorpion
 29945 | Spider:1 | Reached skill level 10 in Dodging
 30261 | Swamp:1  | Entered Level 1 of the Swamp
 30628 | Orc:2    | Bought a scroll of blinking for 112 gold pieces
 30685 | Elf:1    | Entered Level 1 of the Elven Halls
 30909 | Elf:1    | Slain by a +3 war axe of electrocution

Levels and vault maps discovered:
D:1:      dpeg_arrival_solitude, layout_basic, minmay_pentomino_r4
D:2:      layout_basic, dk_vineyard_1, okawaru_metal_pillars_1_2
D:3:      layout_loops_corners, yredelemnul_forgotten_temple_becter
D:4:      layout_rooms, chequers_temple_overflow_minitemple,
          minmay_temple_entry_ruins, hangedman_abyss_or_decor_stagger,
          minmay_misc_feat_chi, minmay_ogre_servants
D:5:      layout_basic, first_ration
D:6:      wander_guarded_unrand_ratskin, layout_layer_cave, bloody_makhleb,
          overflow_temple_1_default, minmay_misc_feat_four_crosses, uniq_edmund,
          uniq_sigmund
D:7:      layout_loops_ring, overflow_temple_1_default, serial_shops, shop,
          uniq_harold, uniq_crazy_yiuf_cottage
D:8:      layout_basic, old_standard_altar, st_stairs_9, uniq_grum
D:9:      layout_stronghold, zin_angel, overflow_temple_1_default,
          kennysheep_mini_moat
D:10:     layout_cross, david_lair_generic, serial_shops, shop,
          nicolae_shop_window_shopping, shop, hangedman_ranch
          [blue_anna_fruit_fields], trog_book
D:11:     minmay_box_of_curves, layout_irregular_city,
          minmay_orc_entry_guard_dogs, serial_shops, nicolae_shop_statue_plus,
          uniq_sonja, uniq_urug, uniq_psyche
Temple:   pf_slime_end_temple
Lair:1:   layout_regular_city
Lair:2:   layout_loops_ring, chequers_serial_rivers_micro_b
Lair:3:   layout_cave_pods
Lair:4:   layout_regular_city, minmay_swamp_entry_worms,
          nicolae_spider_entry_orb_guardian, basic_altar
Lair:5:   layout_cave_pods, slime_altar_1, gammafunk_ghost_hive,
          eino_house_with_fridge, minmay_lair_oklob_chamber
Lair:6:   hangedman_lair_caniforms_friends, layout_long_grid, basic_altar
Swamp:1:  cheibrodos_swamp_tower_of_moss, layout_falls_marsh,
          evilmike_swamp_ruin_house_6, infiniplex_staircase_pool_2, uniq_nikola,
          uniq_aizul, uniq_jorgrun
Spider:1: layout_spider_delve
Orc:1:    layout_caves, uniq_nergalle
Orc:2:    pubby_orc_utopia
Elf:1:    minmay_elf_arrival_circle, layout_onion_city, uniq_kirke

Skill      XL: |  1  2  3  4  5  6  7  8  9 10 11 12 13 14 15 |
---------------+----------------------------------------------+-----
Armour         | 1 2 |  2.5
Stealth        | 2 4 5 6 7 8 |  8.7
Short Blades   | 2 3 4 5 7 8 9 10 11 | 11.4
Dodging        | 3 4 5 6 7 8 9 10 | 10.1
Fighting       | 2 3 4 5 6 7 8 |  8.0
Spellcasting   | 2 3 5 7 8 9 |  9.7
Evocations     | 4 5 |  5.2
Summonings     | 2 4 5 6 |  6.3
Transmutations | 1 3 5 7 8 |  8.3
Throwing       | 1 2 |  2.7
Unarmed Combat | 3 4 |  4.4
Ice Magic      | 1 2 |  2.1
Charms         | 1 2 |  2.4
Necromancy     | 2 |  2.1
Air Magic      | 3 4 |  4.4
Maces & Flails | 5 6 |  6.8
Crossbows      | 2 |  2.7
Hexes          | |  0.1

Action                   |  1- 3 |  4- 6 |  7- 9 | 10-12 | 13-15 || total
-------------------------+-------+-------+-------+-------+-------++-------
Melee: Short sword       |    66 |   155 |   417 |  1089 |  1129 ||  2856
       Dagger            |    70 |       |    47 |    25 |       ||   142
       Headbutt          |       |       |       |    73 |   209 ||   282
       Kick              |       |       |       |    75 |    77 ||   152
       Punch             |       |       |       |    15 |    41 ||    56
       Whip              |       |       |       |       |   756 ||   756
Throw: Dart              |       |       |     6 |     9 |    94 ||   109
 Cast: Beastly Appendage |       |       |       |    59 |    92 ||   151
       Sticks to Snakes  |       |       |       |    20 |   145 ||   165
       Summon Guardian G |       |       |       |     1 |    17 ||    18
       Summon Lightning  |       |       |       |       |    35 ||    35
       Ozocubu's Armour  |       |       |       |       |     1 ||     1
Invok: Call Merchant     |       |       |       |       |     2 ||     2
       Potion Petition   |       |       |       |       |     1 ||     1
 Abil: Evoke Ratskin     |       |       |       |       |     1 ||     1
Evoke: Wand              |       |       |    36 |    31 |    12 ||    79
       Lamp of fire      |       |       |       |       |     2 ||     2
       Box of beasts     |       |       |       |       |     1 ||     1
  Use: Potion            |       |       |       |     5 |     9 ||    14
       Scroll            |       |       |       |    17 |    14 ||    31
 Stab: Sleeping          |     5 |     5 |    13 |    14 |    18 ||    55
       Distracted        |       |       |     2 |    13 |    21 ||    36
       Invisible         |       |       |     1 |       |       ||     1
       Paralysed         |       |       |       |       |     2 ||     2
  Eat: Chunk             |     3 |     5 |     7 |       |       ||    15
       Ration            |       |       |     2 |     9 |    16 ||    27
Armor: Leather armour    |    56 |    36 |       |    82 |   432 ||   606
       Robe              |       |     2 |   118 |   112 |       ||   232
Dodge: Dodged            |    92 |    99 |   280 |   629 |  1486 ||  2586
       Deflected         |       |       |       |       |     9 ||     9
